 Dungeon Crawl Stone Soup version 0.28-a0-1389-gc726bef33b (webtiles) character file.

Game seed: 17951425481681470614

710 shoop the Skirmisher (level 7, 78/78 HPs)
             Began as an Ogre Hunter on Jan 3, 2022.
             Was an Initiate of Ashenzari.
             Quit the game on level 5 of the Dungeon on Jan 7, 2022.
             The game lasted 00:12:45 (5600 turns).

shoop the Skirmisher (Ogre Hunter)                  Turns: 5600, Time: 00:12:46

Health: 78/78      AC:  7    Str: 19    XL:     7   Next: 68%
Magic:  7/7        EV: 10    Int: 12    God:    Ashenzari [......]
Gold:   139        SH:  0    Dex:  9    Spells: 6/6 levels left

rFire   . . .      SeeInvis .   k - +1 long sword (holy)
rCold   . . .      Faith    .   (no shield)
rNeg    . . .      Spirit   +   b - +0 robe "Bound Augurer" {Bglg, Self} (curse)
rPois   .          Reflect  .   (helmet restricted)
rElec   .          Harm     .   (no cloak)
rCorr   .          Rampage  .   (gloves unavailable)
Will    +....                   (boots unavailable)
Stlth   +.........              j - amulet of guardian spirit
HPRegen 0.23/turn               i - ring of willpower
MPRegen 0.10/turn               u - +4 ring of protection

@: no status effects
A: large, unfitting armour, tough skin 1
a: Renounce Religion, Shatter the Chains


You were on level 5 of the Dungeon.
You worshipped Ashenzari.
Ashenzari was noncommittal.
You visited 2 branches of the dungeon, and saw 6 of its levels.
You also visited: Sewer and Ossuary.

You collected 139 gold pieces.

Inventory:

Hand Weapons
 a - a +0 short sword
 k - a +1 long sword of holy wrath (weapon)
Missiles
 c - 5 large rocks (quivered)
 d - 2 throwing nets
 t - 10 poisoned darts
Armour
 b - the cursed +0 robe "Bound Augurer" (worn) {Bglg, Self}

   It has a curse which improves the following skills: Beguiling: Conjurations,
   Hexes and Translocations.
   Introspection: Fighting and Spellcasting.
Magical Staves
 e - a staff of earth
Jewellery
 i - a ring of willpower (left hand)
 j - an amulet of guardian spirit (around neck)
 u - a +4 ring of protection (right hand)
 x - a +6 ring of dexterity
Wands
 p - a wand of iceblast (10)
Scrolls
 f - 5 scrolls of teleportation {unknown}
 g - a scroll of enchant armour {unknown}
 l - 3 scrolls of fear {unknown}
 m - a scroll of holy word {unknown}
 o - 2 scrolls of brand weapon {unknown}
 q - a scroll of silence {unknown}
 r - 4 scrolls of identify {unknown}
 v - a scroll of fog {unknown}
 y - a scroll of magic mapping {unknown}
Potions
 h - 4 potions of curing {unknown}
 n - 2 potions of attraction {unknown}
 s - a potion of cancellation {unknown}
 w - 4 potions of might {unknown}
 z - a potion of magic {unknown}
 A - a potion of haste {unknown}
 B - a potion of degeneration {unknown}


   Skills:
 + Level 7.1(7.5) Fighting
 + Level 6.3 Throwing
 - Level 2.0 Dodging
 - Level 1.0 Stealth
 - Level 3.0 Evocations


You had 6 spell levels left.
You didn't know any spells.
Your spell library contained the following spells:

 Spells                   Type           Power      Damage    Failure   Level
 Passwall                 Tmut/Erth      0%         N/A       45%         2
 Swiftness                Air            0%         N/A       69%         3


Dungeon Overview and Level Annotations

Branches:
Dungeon (6/15)             Temple (1/1) D:6           Sewer (visited)
Ossuary (visited)

Altars:
Ashenzari
Cheibriados
Dithmenos
Kikubaaqudgha
Makhleb
Nemelex Xobeh
Qazlal
Ru
Sif Muna
Trog
Uskayaw
Vehumet
Wu Jian
Xom
The Shining One

Shops:
D:1 :

Annotations:
D:5 Sigmund
D:6 exclusion: acid dragon


Innate Abilities, Weirdness & Mutations

You are too large for most types of armour.
You have tough skin. (AC +1)


Message History

You slash the hobgoblin zombie!
The hobgoblin zombie convulses!
You destroy the hobgoblin zombie!
No target in view!
No target in view!
You open the door.
Found six items.
Found two gates leading back out of this place.
Found five items.
There is an open door here.
r - 3 scrolls labelled YJOSTR VERUPSIA (gained 1)
You now have 109 gold pieces (gained 4).
z - a red potion You now have 127 gold pieces (gained 18).
l - 2 scrolls labelled MIOJA BUSE (gained 1)
A - a fuming orange potion
r - 4 scrolls labelled YJOSTR VERUPSIA (gained 1)
y - a scroll labelled ZENOJA PITT You now have 139 gold pieces (gained 12).
w - 4 bubbling brown potions (gained 1)
h - 4 ruby potions (gained 2)
n - 2 green potions (gained 1)
B - a sapphire potion
l - 3 scrolls labelled MIOJA BUSE (gained 1) Done exploring.
There is a gate leading back out of this place here.
Welcome back to the Dungeon!
Level annotation: Sigmund
There is a collapsed entrance here.
Unknown command.
Unknown command.
There is an open door here. 3 gnolls come into view.
A gnoll is wielding a +0 spear of venom.
The gnoll shouts! x2; You hear a shout!
Save game and exit?
Level annotation: Sigmund Welcome back, shoop the Ogre Hunter.
Ashenzari says: Partake of my vision.
Partake of my curse.
Press ? for a list of commands and other information.
Are you sure you want to abandon this character and quit the game? (Confirm with "yes".)

#.# #. ..# ..# #.# #.#
#... #.# #.# #g# #.# ..
# #.# #.# ## # #.#g#
#.########
###.#.#.######........#
.......g......#######.#
# #.....@#####.# #...##
#...#.### #.# ###.#..#
.. .. #.# #....... ...
#.# #.#####. .#.######
#.# #.#...#. # ....##
#.# #.'...'. #...#
#.###.#...#. #
###._.####(....##+##. #
# #.......##..##.(.....


You could see 3 gnolls.

Vanquished Creatures
  Grinder (D:3)
  A black bear (D:6)
  An elf zombie (Ossuary)
  A bullfrog zombie (D:5)
  Ijyb (D:2)
  A hound skeleton (D:5)
  3 mummies (Ossuary)
  13 adders
  A river rat (Sewer)
  A white imp (D:6)
  4 adder zombies (Ossuary)
  2 worms
  A dart slug (D:1)
  3 endoplasms
  7 giant cockroaches
  A gnoll zombie (Ossuary)
  9 goblins
  2 hobgoblins
  11 jackals
  5 quokkas
  3 ball pythons
  3 bats
  10 frilled lizards
  2 goblin zombies (Ossuary)
  2 hobgoblin zombies (Ossuary)
  13 kobolds
  2 kobold zombies (Ossuary)
  An orc zombie (Ossuary)
  3 quokka zombies (Ossuary)
  6 rats
  2 rat zombies (Ossuary)
116 creatures vanquished.

Vanquished Creatures (others)
  9 plants (Sewer)
9 creatures vanquished.

Grand Total: 125 creatures vanquished

Notes
Turn   | Place    | Note
-------+----------+-------------------------------------------
     0 | D:1      | shoop the Ogre Hunter began the quest for the Orb.
     0 | D:1      | Reached XP level 1. HP: 22/22 MP: 1/1
   347 | D:1      | Found Cevijos's Book Shop.
   383 | D:1      | Reached skill level 3 in Fighting
   383 | D:1      | Reached skill level 1 in Stealth
   383 | D:1      | Reached XP level 2. HP: 29/31 MP: 2/2
   760 | D:1      | Found a faded altar of an unknown god.
  1220 | D:1      | Reached XP level 3. HP: 34/37 MP: 1/3
  1808 | D:2      | Noticed Ijyb
  1814 | D:2      | Killed Ijyb
  1815 | D:2      | Reached skill level 4 in Fighting
  1815 | D:2      | Reached XP level 4. HP: 31/48 MP: 4/4
  2711 | D:3      | Found an ancient bone altar of Kikubaaqudgha.
  2711 | D:3      | Noticed Grinder
  2752 | D:3      | Found a shimmering altar of Xom.
  2963 | D:3      | Reached XP level 5. HP: 55/55 MP: 5/5
  3034 | D:3      | Paralysed by Grinder for 2 turns
  3047 | D:3      | Killed Grinder
  3048 | D:3      | Reached skill level 5 in Fighting
  3048 | D:3      | Reached skill level 5 in Throwing
  3048 | D:3      | Reached XP level 6. HP: 18/67 MP: 3/6
  3683 | D:3      | You fall into a shaft and drop 3 floors!
  3826 | D:6      | Noticed an acid dragon
  3949 | D:6      | Found a staircase to the Ecumenical Temple.
  3958 | Temple   | Entered the Ecumenical Temple
  4027 | Temple   | Became a worshipper of Ashenzari the Shackled
  4082 | D:6      | Found a glowing drain.
  4121 | Sewer    | Entered a sewer
  4302 | Sewer    | Reached skill level 6 in Fighting
  4499 | Sewer    | Reached XP level 7. HP: 75/75 MP: 7/7
  5052 | D:5      | Entered Level 5 of the Dungeon
  5072 | D:5      | Noticed Sigmund
  5206 | D:5      | Found a snail-covered altar of Cheibriados.
  5223 | D:5      | Found a sand-covered staircase.
  5322 | Ossuary  | Entered an ossuary
  5485 | Ossuary  | Reached skill level 7 in Fighting
  5600 | D:5      | Quit the game

Illustrated notes

Levels and vault maps discovered:
D:1:      minmay_arrival_arboretum_large, layout_loops_ring, serial_shops, shop,
          shapermc_ecumenical_altar_starsandcircs
D:2:      kennysheep_the_goblin_king, layout_basic, kennysheep_generic_room_14
D:3:      layout_basic, grunt_temple_overflow_open, uniq_grinder
D:5:      layout_loops_ring, zin_treasury, cheibriados_altar_1,
          mainiacjoe_overflow_alcove_4, enter_ossuary_2, uniq_sigmund
D:6:      layout_cave_pods, minmay_temple_entry_mist, gup_sewer_entry_pipe,
          roderic_serpentine_path, uniq_edmund
Temple:   nicolae_temple_hex_pool

Skill      XL: |  1  2  3  4  5  6  7 |
---------------+----------------------+-----
Fighting       | 3 4 5 6 7 |  7.1
Dodging        | 2 |  2.0
Stealth        | 1 |  1.0
Throwing       | 5 6 |  6.3
Evocations     | 2 3 |  3.0

Action                   |  1- 3 |  4- 6 |  7- 9 || total
-------------------------+-------+-------+-------++-------
Melee: Short sword       |   121 |       |       ||   121
       Long sword        |    33 |   220 |    77 ||   330
Throw: Large rock        |     2 |     2 |     2 ||     6
       Dart              |       |     6 |     3 ||     9
Invok: Curse Item        |       |       |     1 ||     1
 Stab: Sleeping          |       |     1 |       ||     1
Armor: Robe              |    55 |   103 |    34 ||   192
Dodge: Dodged            |    96 |   126 |    45 ||   267

Table legend: (Time is in decaauts)
 A = Elapsed time spent in this place.
 B = Non-inter-level travel time spent in this place.
 C = Inter-level travel time spent in this place.
 D = Time resting spent in this place.
 E = Time spent auto-exploring this place.
 F = Levels seen in this place.
 G = Mean time per level.
                   A        B        C        D        E       F      G
               +--------+--------+--------+--------+--------+-----+--------+
         Total |   5900 |   5567 |    333 |    245 |   3603 |   8 |  737.5 |
       Dungeon |   4595 |   4262 |    333 |    225 |   2858 |   5 |  919.0 |
        Temple |     82 |     82 |      0 |      0 |      0 |   1 |   82.0 |
         Sewer |    944 |    944 |      0 |      0 |    723 |   1 |  944.0 |
       Ossuary |    278 |    278 |      0 |     20 |     22 |   1 |  278.0 |
               +--------+--------+--------+--------+--------+-----+--------+

Top non-repeatable levels by time:
     D:1: 1521 daAuts
     D:2: 1269 daAuts
     D:3: 959 daAuts
   Sewer: 944 daAuts
     D:6: 582 daAuts
 Ossuary: 278 daAuts
     D:5: 262 daAuts
  Temple: 82 daAuts
